AoeStats
← hknarsln

Oasis

510174161Analyzed
4v4 RM · 2d ago on Sep 29, 2026· 28m 44s· 8 players
Game mode
Random Map
Map size
Large (8 player)
Population
200
Speed
Normal
Resources
Standard
Victory
Conquest
Starting age
Dark Age
Ending age
Imperial Age
RankedLock teamsTeams togetherTeam positionsShared explorationLock speedFull tech treeHidden civsTurbo modeCheats
Victory
Defeat
🇵🇱 Franks · Poland
997
+15
🇮🇹 Varangians · Italy
931
+18
🇮🇹 Mongols · Italy
913
+19
🇪🇸 Malay · Spain
913
+19
🇹🇷 Turks · Türkiye
1008
-19
🇹🇷 Tatars · Türkiye
972
-18
🇫🇮 Berbers · Finland
961
-32
🇹🇷 Persians · Türkiye
950
-17
fitzy
7:31 Loom
10:34 Feudal Age
11:19 Double-Bit Axe
hknarsln
13:07 Feudal Age
17:59 Castle Age
16:51 Double-Bit Axe
16:48 Horse Collar
17:46 Wheelbarrow
18:29 Scale Barding Armor
19:17 Bloodlines
20:25 Loom
29:13 Ballistics
siyah1903beyaz80
10:22 Feudal Age
11:02 Double-Bit Axe
19:19 Castle Age
18:48 Bloodlines
19:48 Scale Barding Armor
20:33 Bow Saw
24:21 Wheelbarrow
23:31 Horse Collar
23:44 Gold Mining
24:16 Fletching
25:46 Hand Cart
25:57 Stone Mining
26:15 Heavy Plow
Furkan
9:57 Loom
13:22 Feudal Age
13:44 Double-Bit Axe
13:52 Gold Mining
14:46 Stone Mining
17:52 Horse Collar
24:59 Castle Age
24:29 Wheelbarrow
23:40 Town Watch
25:54 Bow Saw
26:22 Gold Shaft Mining
26:24 Stone Shaft Mining
26:04 Heavy Plow
26:38 Scale Barding Armor
26:43 Forging
wallacebru
12:35 Feudal Age
14:35 Bloodlines
15:09 Scale Barding Armor
15:35 Forging
26:09 Castle Age
24:29 Double-Bit Axe
24:25 Horse Collar
24:42 Gold Mining
24:45 Stone Mining
26:23 Wheelbarrow
26:54 Husbandry
27:31 Chain Barding Armor
28:14 Iron Casting
Pelanuski
0:38 Loom
12:20 Feudal Age
20:21 Castle Age
21:09 Horse Collar
21:29 Double-Bit Axe
22:16 Fletching
22:39 Forging
24:32 Iron Casting
26:08 Heavy Plow
Boiler
12:57 Feudal Age
16:40 Castle Age
16:05 Wheelbarrow
15:20 Loom
15:26 Horse Collar
16:05 Double-Bit Axe
21:13 Stone Mining
24:04 Bow Saw
27:39 Gold Mining
30:26 Imperial Age
28:13 Fletching
mateuszes
12:27 Feudal Age
15:14 Wheelbarrow
16:39 Double-Bit Axe
21:00 Castle Age
22:17 Wheelbarrow
21:28 Loom
23:08 Bow Saw
24:53 Loom
27:33 Fortified Wall
Connection lost

Rejoining the realm…

Still unreachable

The connection could not be restored.

Session expired

The server has moved on; the page needs a fresh start.